 Dungeon Crawl Stone Soup version 0.26.1-11-gd32895ea62 (webtiles) character file.

Game seed: 11879007665535776360

423 Rediskos the Gusty (level 6, -7/51 HPs)
             Began as a Draconian Air Elementalist on Apr 21, 2021.
             Mangled by an ogre
             ... wielding a +0 giant club
              (18 damage)
             ... on level 4 of the Dungeon.
             The game lasted 00:20:32 (7206 turns).

Rediskos the Gusty (Draconian Air Elementalist)     Turns: 7206, Time: 00:20:32

Health: -7/51      AC:  6    Str: 11    XL:     6   Next: 63%
Magic:  0/10       EV: 12    Int: 17    God:
Gold:   217        SH:  0    Dex: 11    Spells: 1/11 levels left

rFire    . . .     SeeInvis .   e - +1 dagger (speed)
rCold    . . .     Faith    .   (no shield)
rNeg     . . .     Spirit   .   (armour unavailable)
rPois    .         Reflect  .   (helmet restricted)
rElec    .         Harm     .   (no cloak)
rCorr    .         Rampage  .   (no gloves)
Will     .....                  (no boots)
Stlth    ++........             (no amulet)
HPRegen  0.17/turn              (no ring)
MPRegen  0.12/turn              (no ring)

@: no status effects
A: unfitting armour, cold-blooded, AC +6
a: no special abilities


You were on level 4 of the Dungeon.
You visited 1 branch of the dungeon, and saw 4 of its levels.

You collected 217 gold pieces.

Inventory:

Hand Weapons
 e - a +1 dagger of speed (weapon)
 i - a +1 short sword of draining
Missiles
 j - 15 poisoned darts
Jewellery
 l - an uncursed ring of positive energy {unknown}
Scrolls
 c - 3 scrolls of identify
 d - 2 scrolls of teleportation
 f - 3 scrolls of magic mapping {unknown}
 k - 2 scrolls of immolation {unknown}
 n - 2 scrolls of enchant weapon
 o - 2 scrolls of remove curse {unknown}
 p - a scroll of enchant armour {unknown}
 q - a scroll of blinking {unknown}
Potions
 a - a potion of heal wounds
 b - 3 potions of curing
 g - a potion of flight
 h - a potion of haste
 m - a potion of attraction {unknown}


   Skills:
 - Level 3.0 Fighting
 - Level 2.0 Dodging
 - Level 1.7 Stealth
 + Level 3.2 Spellcasting
 + Level 3.1 Conjurations
 * Level 5.3 Air Magic


You had one spell level left.
You knew the following spells:

 Your Spells              Type           Power        Failure   Level
a - Shock                 Conj/Air       68%          3%          1
b - Swiftness             Air            20%          3%          2
c - Static Discharge      Conj/Air       17%          9%          3
d - Airstrike             Air            10%          19%         4

Your spell library contained the following spells:

 Spells                   Type           Power        Failure   Level
 Lightning Bolt           Conj/Air       8%           63%         5


Dungeon Overview and Level Annotations

Branches:
Dungeon (4/15)
 Temple: D:4-7

Altars:
Ashenzari
Cheibriados
Fedhas
Kikubaaqudgha
Trog
Wu Jian
Yredelemnul
Zin


Innate Abilities, Weirdness & Mutations

Your plain brown scales are hard. (AC +6)
You cannot fit into any form of body armour.
You are cold-blooded and may be slowed by cold attacks.


Message History

The ogre closely misses you.
Casting: Shock (safe; 3% risk of failure)
Confirm with . or Enter, or press ? or * to list all spells.
Aiming: Shock (safe; 3% risk of failure)
Press: ? - help, Shift-Dir - straight line, f/p - ogre
Aim: an ogre, wielding a +0 giant club (heavily wounded, 14% to evade)
The zap hits the ogre!
The ogre is severely wounded.
You feel yourself speed up. The ogre hits you with a +0 giant club!
* * * LOW HITPOINT WARNING * * *
Casting: Shock (safe; 3% risk of failure)
Confirm with . or Enter, or press ? or * to list all spells.
Aiming: Shock (safe; 3% risk of failure)
Press: ? - help, Shift-Dir - straight line, f/p - ogre
Aim: an ogre, wielding a +0 giant club (severely wounded, 14% to evade)
The zap hits the ogre.
The ogre is almost dead.
The ogre hits you with a +0 giant club!!
You die...

#.....#.....(.
#.....?.......
##..<.........
#...#.........
##...#.........
###...#..........
##.#..###.........
##..##.###.........
##.@O...##..........
#..............#.....
#....###.......#.....
....†.................
#................#####.
#....#..........##
......###..........
...... ###....#....
#....#....


You could see an ogre.

Vanquished Creatures
  A jelly (D:2)
  An orc priest (D:3)
  Natasha (twice) (D:4)
  2 worker ants (D:4)
  Terence (D:2)
  A gnoll (D:1)
  7 adders
  8 oozes (D:2)
  A worm (D:2)
  A dart slug (D:1)
  5 leopard geckos
  16 orcs (D:3)
  4 giant cockroaches
  10 goblins
  7 hobgoblins
  8 jackals
  A quokka (D:3)
  2 ball pythons
  8 bats
  8 frilled lizards
  15 kobolds
  12 rats
121 creatures vanquished.

Vanquished Creatures (others)
  5 fungi (D:2)
  9 toadstools (D:2)
  2 withered plants (D:2)
16 creatures vanquished.

Grand Total: 137 creatures vanquished

Notes
Turn   | Place    | Note
-------+----------+-------------------------------------------
     0 | D:1      | Rediskos the Draconian Air Elementalist began the quest for
                  | the Orb.
     0 | D:1      | Reached XP level 1. HP: 14/14 MP: 3/3
   256 | D:1      | Reached XP level 2. HP: 20/20 MP: 0/5
   917 | D:1      | Reached XP level 3. HP: 27/27 MP: 4/6
  1268 | D:1      | Reached skill level 1 in Fighting
  2090 | D:2      | Reached XP level 4. HP: 31/35 MP: 0/7
  2097 | D:2      | Learned a level 2 spell: Swiftness
  2170 | D:2      | Found an ancient bone altar of Kikubaaqudgha.
  2265 | D:2      | Found a faded altar of an unknown god.
  2470 | D:2      | Reached skill level 4 in Air Magic
  2632 | D:2      | Found a bloodstained altar of Trog.
  2725 | D:2      | Learned a level 3 spell: Static Discharge
  2933 | D:2      | Found a broken altar of Ashenzari.
  2957 | D:2      | Noticed Terence
  3060 | D:2      | Killed Terence
  3553 | D:2      | Reached XP level 5. HP: 28/30 MP: 7/9
  4843 | D:3      | Found a blossoming altar of Fedhas.
  5453 | D:3      | Learned a level 4 spell: Airstrike
  5630 | D:3      | Reached XP level 6. HP: 50/50 MP: 3/10
  6143 | D:3      | Found a snail-covered altar of Cheibriados.
  6176 | D:3      | Reached skill level 5 in Air Magic
  6440 | D:4      | Found a basalt altar of Yredelemnul.
  6515 | D:4      | Found an ornate altar of the Wu Jian Council.
  6526 | D:4      | Noticed Natasha
  6759 | D:4      | Killed Natasha
  7137 | D:4      | Found a glowing silver altar of Zin.
  7186 | D:4      | Noticed Natasha
  7191 | D:4      | Killed Natasha
  7206 | D:4      | Mangled by an ogre

Illustrated notes

Levels and vault maps discovered:
D:1:      ncdulo_halloftheorcs, layout_basic
D:2:      cheibrodos_fertilizer, layout_loops_ring, kiku_gazebo_garden_becter,
          general_overflow_altar, chequers_ecumenical_altar_island,
          evilmike_ruin_ashenzari, uniq_terence
D:3:      layout_basic, nicolae_overflow_crystal_walls, lemuel_doored_altar,
          hangedman_decor_clover_reticule
D:4:      layout_cave_pools, lemuel_crystal_altar, yredelemnul_altar_generic,
          lemuel_coloured_pillars_altar, uniq_crazy_yiuf_cottage, uniq_natasha

Skill      XL: |  1  2  3  4  5  6 |
---------------+-------------------+-----
Dodging        | 2 |  2.0
Fighting       | 1 2 3 |  3.0
Conjurations   | 2 3 |  3.1
Air Magic      | 4 5 |  5.3
Spellcasting   | 3 |  3.2
Stealth        | |  1.7

Action                   |  1- 3 |  4- 6 || total
-------------------------+-------+-------++-------
Melee: Unarmed           |    12 |       ||    12
       Short sword       |    20 |    10 ||    30
       Tailslap          |     2 |     2 ||     4
       Dagger            |       |     1 ||     1
 Cast: Shock             |    71 |   230 ||   301
  Use: Scroll            |       |     6 ||     6
Armor: Skin              |    17 |    12 ||    29
Dodge: Dodged            |    36 |    46 ||    82
